 Dungeon Crawl Stone Soup version 0.29.1-2-gbd0b4ee654 (webtiles) character file.

Game seed: 2848370704241032261

163 croobank the Conjurer (level 5, -1/35 HPs)
             Began as a Demonspawn Conjurer on Oct 28, 2022.
             Slain by Sigmund
             ... wielding a +0 scythe
              (12 damage)
             ... on level 3 of the Dungeon.
             The game lasted 00:11:32 (2817 turns).

croobank the Conjurer (Demonspawn Conjurer)         Turns: 2817, Time: 00:11:33

Health: -1/35      AC:  2    Str:  7    XL:     5   Next: 20%
Magic:  9/9        EV: 12    Int: 22    God:
Gold:   140        SH:  0    Dex: 11    Spells: 5/10 levels left

rFire   . . .      SeeInvis .   a - +0 short sword
rCold   . . .      Faith    .   (no shield)
rNeg    . . .      Spirit   .   c - +0 robe
rPois   .          Reflect  .   (no helmet)
rElec   .          Harm     .   (no cloak)
rCorr   .          Rampage  .   (no gloves)
Will    .....                   (no boots)
Stlth   ++........              (no amulet)
HPRegen 0.11/turn               (no ring)
MPRegen 0.11/turn               (no ring)

@: very slightly contaminated
A: ignite blood 1, demonic magic 1
a: no special abilities


You were on level 3 of the Dungeon.
You visited 1 branch of the dungeon, and saw 3 of its levels.

You collected 140 gold pieces.

Inventory:

Hand Weapons
 a - a +0 short sword (weapon)
 b - a +0 sling
 m - a +0 hand axe
 r - a +0 war axe
Armour
 c - a +0 robe (worn)
Scrolls
 d - 6 scrolls of identify
 e - 2 scrolls of magic mapping {unknown}
 f - 3 scrolls of teleportation {unknown}
 h - 3 scrolls of fog {unknown}
 i - 2 scrolls of vulnerability {unknown}
 o - a scroll of fear {unknown}
 p - a scroll of acquirement {unknown}
Potions
 g - a potion of attraction
 j - 3 potions of curing
 k - a potion of mutation {unknown}
 l - a potion of flight {unknown}
 n - a potion of might {unknown}
 q - a potion of magic


   Skills:
 * Level 0.1 Fighting
 + Level 2.8 Dodging
 + Level 3.0 Stealth
 + Level 3.0 Spellcasting
 + Level 4.7 Conjurations


You had 5 spell levels left.
You knew the following spells:

 Your Spells              Type           Power      Damage    Failure   Level
a - Magic Dart            Conj           96%        1d7       1%          1
b - Necrotise             Necr           12%        1d4       12%         1
c - Dazzling Flash        Conj/Hex       26%        N/A       14%         3

Your spell library contained the following spells:

 Spells                   Type           Power      Damage    Failure   Level
 Searing Ray              Conj           48%        2d6       2%          2
 Beastly Appendage        Tmut           6%         N/A       12%         1
 Wereblood                Tmut           3%         N/A       19%         2
 Portal Projectile        Hex/Tloc       6%         N/A       36%         3
 Spider Form              Tmut/Pois      3%         N/A       36%         3
 Tukima's Dance           Hex            3%         N/A       36%         3
 Vampiric Draining        Necr           3%         2d6       36%         3
 Fulminant Prism          Conj/Hex       6%         3d7       43%         4
 Iskenderun's Mystic Bla  Conj/Tloc      13%        2d5       43%         4
 Agony                    Necr           3%         N/A       98%         5
 Blade Hands              Tmut           1%         N/A       98%         5


Dungeon Overview and Level Annotations

Branches:
Dungeon (3/15)

Altars:
Xom

Annotations:
D:2 1 runed translucent door, Crazy Yiuf
D:3 Sigmund


Innate Abilities, Weirdness & Mutations

Your demonic aura sometimes causes spilled blood to erupt in flames.
Spells you cast may paralyse adjacent enemies.


Message History

Okay, then.
Okay, then.
Casting: Necrotise (safe; 12% risk of failure)
Confirm with . or Enter, or press ? or * to list all spells.
Aiming: Necrotise (safe; 12% risk of failure)
Press: ? - help, Shift-Dir - straight line, f/p - Sigmund
Aim: Sigmund, wielding a +0 scythe and wearing a +0 robe (heavily wounded, chance to affect: 52%) Sigmund resists with significant effort.
Malevolent energies surge around you.
Casting: Necrotise (safe; 12% risk of failure)
Confirm with . or Enter, or press ? or * to list all spells.
Aiming: Necrotise (safe; 12% risk of failure)
Press: ? - help, Shift-Dir - straight line, f/p - Sigmund
Aim: Sigmund, wielding a +0 scythe and wearing a +0 robe (heavily wounded, chance to affect: 52%) Sigmund writhes in agony.
Malevolent energies surge around you. Sigmund closely misses you.
Casting: Necrotise (safe; 12% risk of failure)
Confirm with . or Enter, or press ? or * to list all spells.
Aiming: Necrotise (safe; 12% risk of failure)
Press: ? - help, Shift-Dir - straight line, f/p - Sigmund
Aim: Sigmund, wielding a +0 scythe and wearing a +0 robe (heavily wounded, chance to affect: 52%) Sigmund resists with significant effort.
Malevolent energies surge around you. Sigmund barely misses you.
Casting: Necrotise (safe; 12% risk of failure)
Confirm with . or Enter, or press ? or * to list all spells.
Aiming: Necrotise (safe; 12% risk of failure)
Press: ? - help, Shift-Dir - straight line, f/p - Sigmund
Aim: Sigmund, wielding a +0 scythe and wearing a +0 robe (heavily wounded, chance to affect: 52%)
You miscast Necrotise.
Nothing appears to happen.
Sigmund points at you and mumbles some strange words.
The puff of flame misses you.
Casting: Necrotise (safe; 12% risk of failure)
Confirm with . or Enter, or press ? or * to list all spells.
You don't have enough magic to cast this spell.
Casting: Necrotise (safe; 12% risk of failure)
Confirm with . or Enter, or press ? or * to list all spells.
You don't have enough magic to cast this spell.
Unknown command.
Magic courses through your body. Sigmund hits you with a +0 scythe!
You die...

#....# ####.##.# #.......###
###.#.#.#...# #####
#...#...#.#.#####♣.♣.♣#
#.###.###.#.....#.♣...# #
#.#.......#######♣.♣.♣# #
#.#.#.##### #####♣♣..♣#########
#.#.....†<###@@.###'###........
#.##....####..###.#.......#....
#.......##...## #.....#......##
####....##.######.....#.......#
######........#.....#.......#
#...#.........#....##.......#
#...#.........#....##......##
#...#.#######....)..#........
#.....##.. #.#.....#(.......


You could see Sigmund.

Vanquished Creatures
  Natasha (twice) (D:2 D:1)
  4 adders
  2 worms
  A dart slug (D:1)
  4 orcs (D:3)
  7 ball pythons
  2 endoplasms (D:2)
  4 giant cockroaches
  4 hobgoblins
  3 kobolds
  6 quokkas
  3 bats
  6 frilled lizards (D:1)
  9 goblins
  11 rats
68 creatures vanquished.

Notes
Turn   | Place    | Note
-------+----------+-------------------------------------------
     0 | D:1      | croobank the Demonspawn Conjurer began the quest for the
                  | Orb.
     0 | D:1      | Reached XP level 1. HP: 13/13 MP: 3/3
   316 | D:1      | Gained mutation: Spells you cast may paralyse adjacent
                  | enemies. [demonic ancestry]
   316 | D:1      | Reached XP level 2. HP: 19/19 MP: 3/5
   618 | D:1      | Learned a level 1 spell: Necrotise
   689 | D:1      | Found a faded altar of an unknown god.
   929 | D:1      | Gained mutation: Your demonic aura sometimes causes spilled
                  | blood to erupt in flames. [demonic ancestry]
   929 | D:1      | Reached XP level 3. HP: 17/24 MP: 2/6
  1280 | D:2      | Found a shimmering altar of Xom.
  1304 | D:2      | Noticed Natasha
  1359 | D:2      | Killed Natasha
  1360 | D:2      | Reached XP level 4. HP: 30/30 MP: 3/7
  1403 | D:2      | Noticed Natasha
  1459 | D:1      | Killed Natasha
  1546 | D:1      | Learned a level 3 spell: Dazzling Flash
  2061 | D:2      | Found a runed translucent door.
  2062 | D:2      | Noticed Crazy Yiuf
  2360 | D:3      | Reached XP level 5. HP: 35/35 MP: 7/9
  2774 | D:3      | Noticed Sigmund
  2817 | D:3      | Slain by Sigmund

Illustrated notes

Levels and vault maps discovered:
D:1:      mrwooster_arrival_statue, layout_basic,
          dreamdust_ecumenical_altar_grove
D:2:      minmay_chambers_of_twos, layout_rooms, basic_altar,
          minmay_lizard_pond, uniq_crazy_yiuf_cottage, uniq_natasha
D:3:      layout_basic, worldfamousw_hep_ancestral_shrine, chequers_arboretum,
          uniq_sigmund

Skill      XL: |  1  2  3  4  5 |
---------------+----------------+-----
Stealth        | 2 3 |  3.0
Dodging        | 2 |  2.8
Spellcasting   | 3 |  3.0
Fighting       | |  0.1
Conjurations   | |  4.7

Action                   |  1- 3 |  4- 6 || total
-------------------------+-------+-------++-------
Melee: Unarmed           |     6 |       ||     6
       Short sword       |    23 |    19 ||    42
       Punch             |       |     1 ||     1
 Cast: Magic Dart        |    51 |    46 ||    97
       Necrotise         |    12 |    23 ||    35
  Use: Potion            |       |     2 ||     2
       Scroll            |       |     1 ||     1
 Stab: Sleeping          |     1 |     1 ||     2
       Paralysed         |     7 |    10 ||    17
Armor: Robe              |     5 |     3 ||     8
Dodge: Dodged            |    23 |    28 ||    51
